 Dungeon Crawl Stone Soup version 0.31-a0-236-g9a0961fb85 (webtiles) character file.

Game seed: 4980216806910155800

4484 Iich the Cleaver (level 10, -2/138 HPs)
             Began as a Hill Orc Fighter on July 10, 2023.
             Was an Initiate of Gozag.
             Slain by an orc knight
             ... wielding a +0 glaive
              (22 damage)
             ... in a bailey.
             The game lasted 00:13:06 (7113 turns).

Iich the Cleaver (Hill Orc Fighter)                 Turns: 7113, Time: 00:13:07

Health: -2/138     AC: 25    Str: 26    XL:     10   Next: 38%
Magic:  10/10      EV:  2    Int:  8    God:    Gozag
Gold:   63         SH: 10    Dex: 14    Spells: 9/9 levels left

rFire   + + .        H - +1 broad axe (heavy)
rCold   + . .        c - +0 buckler
rNeg    . . .        D - melded +0 swamp dragon scales
rPois   +            h - melded +1 hat
rElec   +            w - melded +1 cloak "Uson" {rN+ Dex+5}
rCorr   +            (gloves currently unavailable)
SInv    .            s - melded +0 pair of boots
Will    .....        v - amulet of reflection
Stlth   +            j - +6 ring of strength
HPRegen 0.43/turn    F - ring of protection from fire
MPRegen 0.12/turn

%: reflection
@: mighty, tree-form, resistant, gold aura, attractive, studying Fighting
A: stationary, stasis, torment immunity, boosted hp
a: End Transformation, Renounce Religion, Potion Petition, Call Merchant, Bribe
Branch


You were in a bailey.
You worshipped Gozag.
Gozag was noncommittal.
You were a tree.
You visited 1 branch of the dungeon, and saw 7 of its levels.
You also visited: Ossuary and Bailey.

You collected 843 gold pieces.
You spent 54 gold pieces at shops.
You paid 726 gold pieces to Gozag.

Inventory:

Hand Weapons
 H - a +1 heavy broad axe (weapon)
Armour
 b - a +0 scale mail
 c - a +0 buckler (worn)
 h - a +1 hat (melded)
 s - a +0 pair of boots (melded)
 w - the +1 cloak "Uson" (melded) {rN+ Dex+5}
   (You found it on level 2 of the Dungeon)

   Dex:       It affects your dexterity (+5).
   rN:        It protects you from negative energy.
 D - +0 swamp dragon scales (melded)
Jewellery
 j - a +6 ring of strength (left branch)
 r - an amulet of regeneration
 v - an amulet of reflection (around neck)
 F - a ring of protection from fire (right branch)
Wands
 p - a wand of mindburst (1)
 y - a wand of charming (6)
 I - a wand of flame (23)
Scrolls
 f - a scroll of noise
 g - a scroll of fear
 i - 2 scrolls of identify
 o - a scroll of poison
 t - 6 scrolls of teleportation
 u - 2 scrolls of immolation
 x - a scroll of vulnerability
 B - a scroll of blinking
 C - 2 scrolls of summoning
 G - a scroll of brand weapon
Potions
 d - 5 potions of might
 k - 2 potions of mutation
 l - a potion of heal wounds
 m - a potion of berserk rage {unknown}
 n - a potion of resistance
 q - 5 potions of curing
 z - 2 potions of lignification
 A - a potion of haste {unknown}
 E - a potion of enlightenment {unknown}


   Skills:
 + Level 9.7 Fighting
 * Level 13.8 Axes
 - Level 3.2 Armour
 + Level 6.0 Dodging
 - Level 3.2 Shields


You had 9 spell levels left.
You didn't know any spells.
Your spell library contained the following spells:

 Spells                   Type           Power      Damage    Failure   Level
 Dazzling Flash           Conj/Hex       0%         N/A       83%         3
 Volatile Blastmotes      Fire/Tloc      0%         2d10      83%         3
 Iskenderun's Mystic Bla  Conj/Tloc      0%         2d3       99%         4
 Starburst                Conj/Fire      0%         6d3       100%        6


Dungeon Overview and Level Annotations

Branches:
Dungeon (7/15)             Temple (0/1) D:7         Ossuary (visited)
 Bailey (1/1)

Altars:
Gozag
Nemelex Xobeh
Qazlal
Vehumet
Wu Jian

Shops:
D:4 [


Message History

The orc knight roars a battlecry!
The orcs go into a battle-frenzy!
The orc knight roars a battlecry!
The orc knight goes into a battle-frenzy!
You now have 115/136 hp.
Really quaff the potion of attraction?
You feel attractive to monsters.
The orc warrior hits you but does no damage.
The orc knight hits you from afar with a +0 glaive!
The orc knight hits you but does no damage.
The orc warrior is attracted toward you.
You take 10 damage, and have 105/136 hp.
You carve the orc warrior like a ham!!!
You kill the orc warrior!
The orc knight is distracted by your dazzling golden aura.
You block the orc knight's attack. The orc knight is attracted toward you.
You regained 2 hp, and now have 107/138 hp.
You closely miss the orc knight.
The orc knight is no longer distracted by gold.
The orc knight shouts!
The orc knight hits you with a +0 glaive!
The orc knight hits you from afar with a +0 glaive!!
The orc knight hits you with a +0 glaive!
* * * LOW HITPOINT WARNING * * *
You block the orc knight's attack.
You take 56 damage, and have 51/138 hp. !!!!--MASSIVE DAMAGE--!!!!
You are too injured to fight recklessly!
You chop the orc knight into pieces!!!
The orc knight is heavily wounded.
You block the orc knight's attack.
The orc knight hits you from afar with a +0 glaive!
* * * LOW HITPOINT WARNING * * *
You take 8 damage, and have 43/138 hp.
You barely miss the orc knight.
The orc knight is heavily wounded.
The orc knight hits you with a +0 glaive!!
* * * LOW HITPOINT WARNING * * *
The orc knight hits you from afar with a +0 glaive!!
You die...
Your body crumbles into a pile of gold.

..≈≈###≈≈~~~~~~~~~~~~~~~≈≈###≈≈..
..≈##.##≈~~~~~~~~~~~~~~~≈##.##≈..
..≈#....~~~~~~~~~~~~~~~~~))).#≈..
..≈##.∩#≈~~~~~~~~~~~~~~~≈#∩.##≈..
..≈≈#.##≈~~~~#######~~~~≈##.#≈≈..
..)≈≈~≈≈≈~~~~##~~~~##~~~≈≈≈~≈≈~..
..))~~~~~~~~~##~~~~~##~~~~~~~~~..
.)~)~~~~~~~~~##'''#~~##~~~~~~~~..
..~~~~~~~##~~##∩♣∩##~~#~~~~~~~~..
.)~~~~~~~##~####o####~##~~~~~~~..
..~~~~~~~##~')#o..#)'~##~~~~~~~..
..~~~~~~~##~###.8.###~##~~~~~~~..
..~~~~~~~##~')#).?#.'~##~~~~~~~..
..~~~~~~~##~#########~##~~~~~~~..
..~~~~~~~~#~~##)#)##~~#~~~~~~~~..
..~~~~~~~~##~~#'#'#~~##~~~~~~~~..
..~~~~~~~~~##~~~~~~~##~~~~~~~~~..


You could see 2 orc knights.

Vanquished Creatures
  Maggie (D:6)
  A troll (D:6)
  Grinder (D:3)
  Sigmund (D:3)
  Menkaure (D:6)
  Duvessa (D:7)
  11 orc warriors (Bailey)
  2 sky beasts
  2 black bears
  2 ice beasts
  2 ogres (D:5)
  2 centaurs (D:7)
  3 scorpions
  9 wights
  Dowan (D:7)
  6 electric eels (D:6)
  Crazy Yiuf (D:2)
  4 centaur zombies (Ossuary)
  A hound (D:6)
  A jelly (D:6)
  A gnoll bouda (D:7)
  4 sleepcaps
  2 iguanas
  3 mummies (Ossuary)
  4 gnolls (D:7)
  5 adders
  3 ufetubi
  3 worms
  A dart slug (D:4)
  17 orcs
  4 endoplasms
  3 giant cockroaches
  5 goblins
  2 hobgoblins
  6 jackals
  5 quokkas
  7 ball pythons
  5 bats
  5 frilled lizards
  2 goblin zombies (Ossuary)
  2 hobgoblin zombies (Ossuary)
  8 kobolds
  4 rats
154 creatures vanquished.

Notes
Turn   | Place    | Note
-------+----------+-------------------------------------------
     0 | D:1      | Iich the Hill Orc Fighter began the quest for the Orb.
     0 | D:1      | Reached XP level 1. HP: 19/19 MP: 1/1
   103 | D:1      | Reached skill level 3 in Axes
   240 | D:1      | Reached XP level 2. HP: 27/27 MP: 2/2
   834 | D:2      | Reached XP level 3. HP: 16/33 MP: 3/3
   918 | D:2      | Reached skill level 4 in Axes
   999 | D:2      | Reached skill level 1 in Dodging
  1119 | D:2      | Found a faded altar of an unknown god.
  1284 | D:2      | Reached XP level 4. HP: 36/40 MP: 4/4
  1298 | D:2      | Identified the +1 cloak "Uson" {rN+ Dex+5}
  1400 | D:2      | Found a runed translucent door.
  1401 | D:2      | Noticed Crazy Yiuf
  1648 | D:2      | Killed Crazy Yiuf
  1922 | D:3      | Noticed Grinder
  1931 | D:3      | Paralysed by Grinder for 5 turns
  1937 | D:3      | Paralysed by Grinder for 5 turns
  1974 | D:3      | Paralysed by Grinder for 4 turns
  1979 | D:3      | Killed Grinder
  1980 | D:3      | Reached skill level 5 in Fighting
  1980 | D:3      | Reached skill level 6 in Axes
  1980 | D:3      | Reached XP level 5. HP: 25/48 MP: 5/5
  1980 | D:3      | Reached XP level 6. HP: 29/56 MP: 6/6
  2121 | D:3      | Noticed Sigmund
  2136 | D:3      | Killed Sigmund
  2137 | D:3      | Reached skill level 7 in Axes
  2137 | D:3      | Reached XP level 7. HP: 36/61 MP: 7/7
  2696 | D:4      | Found Sipioh Reemm's Armour Shoppe.
  2703 | D:4      | Bought a +0 pair of boots for 54 gold pieces
  2948 | D:4      | Found a radiant altar of Vehumet.
  2982 | D:4      | Reached skill level 8 in Axes
  3191 | D:5      | Entered Level 5 of the Dungeon
  3292 | D:5      | Reached XP level 8. HP: 71/71 MP: 8/8
  3363 | D:5      | Found a stormy altar of Qazlal.
  3414 | D:5      | Found a sand-covered staircase.
  3517 | Ossuary  | Entered an ossuary
  3637 | Ossuary  | Reached skill level 9 in Axes
  3993 | D:5      | Found a sparkling altar of Nemelex Xobeh.
  3993 | D:5      | Found an opulent altar of Gozag.
  4010 | D:5      | Became a worshipper of Gozag Ym Sagoz the Greedy
  4367 | D:6      | Noticed Maggie
  4379 | D:6      | Killed Maggie
  4380 | D:6      | Reached skill level 10 in Axes
  4573 | D:6      | Reached XP level 9. HP: 79/79 MP: 9/9
  4944 | D:6      | Reached skill level 11 in Axes
  4956 | D:6      | Noticed Menkaure
  4969 | D:6      | Killed Menkaure
  5126 | D:6      | Found an ornate altar of the Wu Jian Council.
  5256 | D:6      | Noticed a troll
  5267 | D:6      | Killed a troll
  5268 | D:6      | Reached skill level 5 in Dodging
  5950 | D:6      | Reached skill level 12 in Axes
  6424 | D:7      | Found a staircase to the Ecumenical Temple.
  6544 | D:7      | Noticed Duvessa
  6549 | D:7      | Noticed Dowan
  6552 | D:7      | Killed Duvessa
  6561 | D:7      | Killed Dowan
  6562 | D:7      | Reached XP level 10. HP: 38/91 MP: 10/10
  6687 | D:7      | Found a flagged portal.
  6695 | D:7      | Reached skill level 13 in Axes
  6700 | Bailey   | Entered a bailey
  7106 | Bailey   | Noticed an orc knight
  7106 | Bailey   | Noticed an orc knight
  7113 | Bailey   | Slain by an orc knight

Illustrated notes

Levels and vault maps discovered:
D:1:      scummos_arrival_checkerplants, layout_loops_ring,
          minmay_misc_feat_four_crosses
D:2:      layout_loops_ring, shapermc_ecumenical_altar_acropolis,
          uniq_crazy_yiuf_cottage
D:3:      layout_basic, uniq_grinder, uniq_sigmund
D:4:      layout_cave_pools, mainiacjoe_overflow_chevrons, serial_shops,
          nicolae_square_shop
D:5:      layout_loops_ring, grunt_temple_overflow_opulence, lemuel_round_altar,
          nicolae_ossuary_entry_false_entrances, st_stairs_8
D:6:      cheibrodos_two_vegetables, layout_loops_ring,
          nicolae_wu_jian_immortal_techniques, uniq_menkaure, uniq_maggie
D:7:      layout_loops_cross, minmay_temple_entry_ruins, enter_bailey_2,
          uniq_duvessa
Bailey:   bailey_polearm_2, bailey

Skill      XL: |  1  2  3  4  5  6  7  8  9 10 |
---------------+-------------------------------+-----
Axes           | 3 4 6 7 8 10 12 13 | 13.8
Fighting       | 4 5 6 7 9 |  9.7
Dodging        | 1 2 3 4 5 6 |  6.0
Armour         | |  3.2
Shields        | |  3.2

Action                     |  1- 3 |  4- 6 |  7- 9 | 10-12 || total
---------------------------+-------+-------+-------+-------++-------
  Melee: War axe           |   109 |    53 |   136 |       ||   298
         Broad axe         |       |       |    99 |    51 ||   150
 Invoke: Potion Petition   |       |       |       |     2 ||     2
  Evoke: Wand              |       |       |    17 |       ||    17
    Use: Scroll            |     5 |       |    11 |     1 ||    17
         Potion            |     1 |     1 |     4 |     1 ||     7
   Stab: Distracted        |       |       |     2 |       ||     2
 Armour: Scale mail        |    54 |    18 |    47 |       ||   119
         Swamp dragon scal |       |       |    28 |    14 ||    42
         Skin              |       |       |       |     2 ||     2
  Dodge: Dodged            |    48 |     6 |   104 |    41 ||   199
  Block: Buckler           |    32 |    22 |   133 |    52 ||   239
         Reflection        |       |       |     3 |    28 ||    31

Table legend: (Time is in decaauts)
 A = Elapsed time spent in this place.
 B = Non-inter-level travel time spent in this place.
 C = Inter-level travel time spent in this place.
 D = Time resting spent in this place.
 E = Time spent auto-exploring this place.
 F = Levels seen in this place.
 G = Mean time per level.
                   A        B        C        D        E       F      G
               +--------+--------+--------+--------+--------+-----+--------+
         Total |   7273 |   7058 |    215 |    568 |   4813 |   9 |  808.1 |
       Dungeon |   6536 |   6321 |    215 |    568 |   4312 |   7 |  933.7 |
       Ossuary |    267 |    267 |      0 |      0 |    172 |   1 |  267.0 |
        Bailey |    469 |    469 |      0 |      0 |    328 |   1 |  469.0 |
               +--------+--------+--------+--------+--------+-----+--------+

Top non-repeatable levels by time:
     D:6: 2060 daAuts
     D:2: 1013 daAuts
     D:3: 936 daAuts
     D:5: 912 daAuts
     D:1: 776 daAuts
     D:4: 526 daAuts
  Bailey: 469 daAuts
     D:7: 309 daAuts
 Ossuary: 267 daAuts
